[Event "*** SCC Grand Prix: Titled Tuesday Blitz"]
[Site "Chess.com"]
[Date "2020.08.11"]
[Round "3"]
[White "youngKID"]
[Black "eCztery"]
[Result "1-0"]
[WhiteElo "2734"]
[BlackElo "2421"]
[TimeControl "180+1"]
[EndTime "10:30:51 PDT"]
[Termination "youngKID won by resignation"]

1. e4 c5 2. Nf3 g6 3. d4 cxd4 4. Qxd4 Nf6 5. Nc3 Nc6 6. Qa4 d6 7. e5 dxe5 8. Nxe5 Bg7 9. Nxc6 bxc6 10. Qxc6+ Bd7 11. Qa6 O-O 12. Be2 Qc7 13. O-O Rab8 14. h3 Bc6 15. Rb1 Ne4 16. Nxe4 Bxe4 17. Bd3 Bc6 18.
b4 e5 19. Be3 e4 20. Be2 Bb7 21.
Qc4 Qe5 22. Qc5 Qe6 23. Bc4 Qd7 24. Rfd1 Qa4 25. Qxa7 Qc6 26. Qc5 Qf6 27. Rd7 Bc8 28. Rd6 Qc3 29. Bb3 Qxc5 30. Bxc5 Bf5 31. g4 Bc8 32. a4 Be5 33. Rd5 Bf4 34. Rd4 Bb7 35.
Rbd1 Bg5 36. Bd5 e3 37. Bxb7 Rxb7 38. Bxf8 Kxf8 39. b5 exf2+ 40. Kxf2 Be7 41. Rd7 Rb8 42. c4 Rc8 43. Rxe7 Kxe7 44. Rd4 Ke6 45. a5 Ke5 46. Ke3 f5 47. gxf5 gxf5 48. a6 Rg8 49. Rd5+ Ke6 50. a7 Rg3+ 51. Kf2 Ra3 52. b6 f4 53. b7 Rxa7 54.
b8=Q Ra2+ 55. Kf3 Ra3+ 56. Kxf4 1-0

[Event "*** SCC Grand Prix: Titled Tuesday Blitz"]
[Site "Chess.com"]
[Date "2020.08.11"]
[Round "3"]
[White "letsgoband"]
[Black "Oglob71"]
[Result "0-1"]
[WhiteElo "2348"]
[BlackElo "2573"]
[TimeControl "180+1"]
[EndTime "10:30:52 PDT"]
[Termination "Oglob71 won by resignation"]

1. d4 Nf6 2. Nf3 e6 3. g3 b5 4. Bg2 Bb7 5. O-O c5 6. a4 b4 7. Nbd2 d5 8. dxc5 Bxc5 9. Nb3 Be7 10. a5 O-O 11. Ne5 Na6 12. Be3 Qc7 13. Bd4 Rfc8 14. Rc1 Nc5 15. Bxc5 Bxc5 16. Nd3 Be7 17. Qd2 Qc4 18.
Ne5 Qb5 19. e3 Rc7 20. Rfd1 Rac8 21. Bf1 Qa4 22. a6 Ba8 23. Nd4 Qe8 24. f3 Bc5 25. Nd3 Be7 26. Nxb4 e5 27. Nf5 Bc5 28. Nd3 Bb6 29.
Nf2 Qe6 30. g4 d4 31. e4 g6 32. Nh6+ Kg7 33. b3 Rc3 34. Kg2 Ba5 35. Qe2 Qc6 36.
Nd3 Bc7 37. g5 Nh5 38. Ng4 Qe8 39. Kh1 Bd6 40. Qf2 Bc6 41. Nf6 Nxf6 42. gxf6+ Kxf6 43. Bh3 Rc7 44. Qh4+ Kg7 45. Rg1 Qe7 46. Qf2 Bb5 47.
Ne1 Bxa6 48. Ra1 Bb5 49. Bg4 a6 50. h4 Re3 51. h5 Re2 52. Qg3 Qg5 53. hxg6 hxg6 54.
Bh3 Qxg3 55. Rxg3 Rc3 56. Bf1 Ree3 57. Bxb5 axb5 58. Kg2 Re2+ 59. Kf1 Rd2 60. Rg2 Rxg2 61. Kxg2 b4 62. Kf2 Be7 63. Ke2 Bh4 64. Nd3 Rxc2+ 65. Kf1 Rc3 66. Nxe5 Bf6 67. Ng4 Rxf3+ 68. Ke2 Rxb3 69.
Rf1 Bg5 70. e5 d3+ 71. Kf3 d2+ 72. Ke2 Rg3 73. Nf2 Re3+ 74. Kd1 Rxe5 75. Ng4 0-1

[Event "*** SCC Grand Prix: Titled Tuesday Blitz"]
[Site "Chess.com"]
[Date "2020.08.11"]
[Round "3"]
[White "tlomigtlis"]
[Black "Evgeny81"]
[Result "0-1"]
[WhiteElo "2431"]
[BlackElo "2725"]
[TimeControl "180+1"]
[EndTime "10:30:54 PDT"]
[Termination "Evgeny81 won by checkmate"]

1. d4 Nf6 2. c4 e5 3. dxe5 Ne4 4. a3 Nc6 5. Nf3 d6 6. Qd5 Nc5 7. exd6 Nb3 8. Bg5 Qxd6 9. Qxd6 Bxd6 10. Ra2 h6 11. Be3 Be6 12. Nbd2 Nca5 13. Nxb3 Nxb3 14. Nd2 Nxd2 15. Bxd2 Bxc4 16. Ra1 O-O-O 17. e3 Bxf1 18. Rxf1 Be5 19. Rb1 Rd6 20. Ke2 Rhd8 21. Bb4 Rc6 22. b3 Rc2+ 23. Kf3 b6 24. Rfc1 Ra2 25. a4 Kb7 26. Bc3 Bxc3 27. Rxc3 Rdd2 28. Rf1 c5 29. Kg3 Kc6 30. Rc4 Rab2 31. Rg4 g5 32. h4 f5 33. Rc4 Rxb3 34. Ra1 Rb4 35. Rc3 Rxh4 36. a5 b5 37. Rac1 c4 38. Rb1 Kc5 39. Ra3 a6 40. Rc1 Re4 41. Rac3 Re5 42. f4 gxf4+ 43. Kxf4 Red5 44.
g4 fxg4 45. Kxg4 R5d3 46. Kf4 Rxc3 47. Rxc3 b4 48. Rc1 c3 49. Ke4 Kc4 50. Rh1 b3 51. Rxh6 b2 52. Rb6 Rd1 53. Rc6+ Kb3 54. Rb6+ Kc2 55.
Kf5 b1=Q 56. Rxb1 Rxb1 57. e4 Rb5+ 58. e5 Rxa5 59. Kf6 Rb5 60. e6 Rb8 61. e7 a5 62.
Kf7 a4 63. e8=Q Rxe8 64. Kxe8 a3 65. Kd7 Kb2 66. Kc6 a2 67. Kb5 c2 68. Kc4 c1=Q+ 69. Kd5 Qc3 70. Ke4 a1=Q 71. Kf5 Qac1 72. Kg4 Q1d2 73.
Kh4 Qce3 74. Kg4 Qg5+ 75. Kf3 Qde3# 0-1

[Event "*** SCC Grand Prix: Titled Tuesday Blitz"]
[Site "Chess.com"]
[Date "2020.08.11"]
[Round "3"]
[White "yobdc"]
[Black "deribas12345"]
[Result "0-1"]
[WhiteElo "2385"]
[BlackElo "2600"]
[TimeControl "180+1"]
[EndTime "10:30:57 PDT"]
[Termination "deribas12345 won on time"]

1. d4 Nf6 2. Bf4 c5 3. d5 d6 4. Nc3 g6 5. e4 Bg7 6. Nf3 O-O 7. Bd3 b5 8. O-O c4 9. Be2 b4 10. Na4 Ba6 11. Nd2 Qc7 12. c3 bxc3 13. Nxc3 Nbd7 14.
Rc1 Rab8 15. b3 Nh5 16. Bg5 cxb3 17. Bxa6 b2 18. Rc2 Bxc3 19. Nb1 Qa5 20. Rxc3 Qxa6 21. Bxe7 Rfe8 22. Rc6 Qxa2 23. Bxd6 Rb7 24. Ba3 Rxe4 25. Rc8+ Kg7 26. Qd3 Nhf6 27. f3 Ra4 28. Rd1 Rb3 29. Qc2 Raxa3 30. Nxa3 Qxa3 31. Rb1 Nxd5 32. Qe4 N5f6 33.
Qd4 Qb4 34. Rc4 Qb6 35. Qxb6 Nxb6 36. Rc2 Nfd5 37. Rcxb2 Rxb2 38. Rxb2 a5 39. Rb5 a4 40.
Ra5 Nc3 41. Kf2 Kf6 42. Ke3 Ke6 43. Kd4 Ncd5 44. Kc5 Ke5 45. g3 f5 46. Ra7 h5 47.
h4 f4 48. g4 hxg4 49. fxg4 f3 50. Rf7 Ke4 51. h5 gxh5 52. gxh5 a3 53. h6 a2 54. Ra7 f2 55. h7 f1=Q 56. h8=Q Qc4+ 57. Kd6 Qb4+ 58. Ke6 Nf4+ 59. Kf7 Qc4+ 60. Ke7 Nbd5+ 61. Kf7 Nc3+ 62. Ke7 Ncd5+ 63. Kd6 Qb4+ 64. Kd7 Qb5+ 65. Kd6 Qb6+ 0-1

[Event "*** SCC Grand Prix: Titled Tuesday Blitz"]
[Site "Chess.com"]
[Date "2020.08.11"]
[Round "3"]
[White "SHIVACalypso"]
[Black "szachuspl"]
[Result "0-1"]
[WhiteElo "2309"]
[BlackElo "2537"]
[TimeControl "180+1"]
[EndTime "10:30:57 PDT"]
[Termination "szachuspl won by checkmate"]

1. Nf3 Nf6 2. c4 g6 3. g3 Bg7 4. Bg2 O-O 5. O-O d6 6. Nc3 e5 7. d3 Re8 8. Rb1 c6 9. b4 d5 10. cxd5 cxd5 11. e4 d4 12. Ne2 h6 13. Ne1 Nc6 14.
f4 Ng4 15. h3 Ne3 16. Bxe3 dxe3 17. Nc2 Qb6 18. Kh2 Rd8 19. b5 Na5 20. Nc3 exf4 21. gxf4 Bxc3 22. Qe2 Bd2 23. Rf3 Be6 24. Nxe3 Bxe3 25.
Rxe3 Qd4 26. Rf1 Bd7 27. f5 g5 28. f6 Qe5+ 29. Kh1 Bxb5 30. Qh5 Kf8 31. Qxh6+ Ke8 32. Rf5 Qa1+ 33. Kh2 a6 34. Qg7 Nc6 35. Qg8+ Kd7 36. Qxf7+ Kc8 37. Qe6+ Kb8 38. f7 Ka7 39. e5 Nd4 40.
Rf6 Nxe6 41. Rxe6 Qd4 42. Re7 Rab8 43. Rf3 Bc6 44. f8=Q Rxf8 45. Rxf8 Bxg2 46. Rxb8 Kxb8 47. Kxg2 Qxd3 48. e6 Qd5+ 49. Kf1 Qf5+ 50. Kg2 Ka7 51. Re8 g4 52. hxg4 Qxg4+ 53. Kf2 Qf5+ 54. Ke3 Qe5+ 55.
Kf2 Qf6+ 56. Ke3 Qh6+ 57. Kd4 Qf6+ 58. Kd5 Kb6 59. Kd6 a5 60. Kd7 Qd4+ 61. Ke7 Kc7 62. Rf8 Qd6+ 63. Kf7 Qf4+ 64. Ke7 Qg5+ 65. Ke8 Kd6 66.
Rf7 Kxe6 67. Rxb7 Qg8# 0-1

[Event "*** SCC Grand Prix: Titled Tuesday Blitz"]
[Site "Chess.com"]
[Date "2020.08.11"]
[Round "3"]
[White "Kaua18"]
[Black "SilviusTiberius"]
[Result "0-1"]
[WhiteElo "2254"]
[BlackElo "2511"]
[TimeControl "180+1"]
[EndTime "10:30:59 PDT"]
[Termination "SilviusTiberius won by resignation"]

1. e4 c5 2. Nf3 Nc6 3. d4 cxd4 4. Nxd4 Nf6 5. Nc3 d6 6. Bg5 e6 7. Qd2 Be7 8. O-O-O Nxd4 9. Qxd4 O-O 10. f3 a6 11. Kb1 b5 12. Qd2 Bb7 13. h4 Rc8 14.
g4 b4 15. Ne2 Nxe4 16. fxe4 Bxe4 17. Bxe7 Qxe7 18. Ng3 Rxc2 19. Nxe4 Rxd2 20. Nxd2 a5 21. Nc4 a4 22. Rxd6 Rc8 23. Rd1 g6 24. Bd3 a3 25. h5 Qf6 26. Rhf1 Qd4 27. hxg6 Rxc4 28. gxf7+ Kf8 29. Rd2 Rc7 30. Rfd1 axb2 31. Bxh7 Rc1+ 32. Rxc1 bxc1=Q+ 33.
Kxc1 Qa1+ 34. Bb1 Qc3+ 35. Rc2 Qe3+ 36. Kb2 Kxf7 37. Rc7+ Kf6 38. Rc2 Qe5+ 39. Kb3 Qa5 40. Rc4 Qa3+ 41. Kc2 e5 42. Rc6+ Kg5 43. Kd2 Kxg4 44.
Rg6+ Kh5 45. Rd6 Qc3+ 46. Kd1 Kg5 47. Rd3 Qb2 48. Bc2 Qxa2 49. Rb3 Qa5 50. Kd2 Kf4 51. Kd3 e4+ 52. Kd2 Qd5+ 53. Kc1 e3 54. Rxb4+ Kg3 55. Rb8 Qe5 56. Rg8+ Kf2 57. Rf8+ Ke1 58. Rg8 Qa1+ 59. Bb1 Qa3+ 60. Kc2 Qa4+ 61. Kc1 Qa3+ 62. Kc2 Qc5+ 63.
Kb2 Qb4+ 64. Ka1 Qc3+ 65. Ka2 Qc4+ 66. Ka1 Qxg8 0-1

[Event "*** SCC Grand Prix: Titled Tuesday Blitz"]
[Site "Chess.com"]
[Date "2020.08.11"]
[Round "3"]
[White "Vesper2018"]
[Black "Tactictic"]
[Result "1/2-1/2"]
[WhiteElo "2570"]
[BlackElo "2362"]
[TimeControl "180+1"]
[EndTime "10:31:00 PDT"]
[Termination "Game drawn by stalemate"]

1. e4 c5 2. Nc3 Nc6 3. Bb5 Nd4 4. Bc4 e6 5. Nge2 g6 6. O-O Bg7 7. Nxd4 cxd4 8. Ne2 Ne7 9. c3 dxc3 10. bxc3 O-O 11.
Ba3 a6 12. d4 b5 13. Bb3 Bb7 14. Qd3 Re8 15. Rac1 d5 16. e5 Nc6 17. f4 Rc8 18. g4 Na5 19. f5 Qg5 20. Qg3 Bh6 21. fxe6 fxe6 22. Nf4 Nc4 23. h4 Qd8 24. Bxc4 Rxc4 25.
g5 Bg7 26. h5 Qa5 27. Bd6 Qxa2 28. hxg6 hxg6 29. Nxg6 Qd2 30. Rcd1 Qc2 31. Ne7+ Rxe7 32. Bxe7 Rxc3 33. Qf2 Qg6 34. Rc1 Rh3 35. Rc7 Qe4 36. Qg2 Qe3+ 37. Qf2 Qe4 38. Qf7+ Kh7 39. g6+ Kh6 40.
Qf4+ Qxf4 41. Rxf4 Ba8 42. Bf6 Bxf6 43. Rxf6 Rg3+ 44.
Kf2 Rxg6 45. Rxg6+ Kxg6 46. Ke3 Kf5 47. Kf3 b4 48.
Ra7 Bc6 49. Rxa6 Bb5 50. Rb6 Bc4 51. Rxb4 Kg6 52. Rb6 Kf5 53. Rb7 Kg6 54. Rb8 Bd3 55. Rf8 Bf5 56. Rf6+ Kg7 57. Kf4 Bh3 58. Kg3 Bf5 59.
Rxf5 exf5 60. Kf4 Kg6 61. e6 Kf6 62. e7 Kxe7 63. Kxf5 Kd6 64. Kf6 Kd7 65. Ke5 Ke7 66.
Kxd5 Kd7 67. Kc5 Kc7 68. d5 Kd7 69. d6 Kd8 70. Kd5 Kd7 71. Kc5 Kd8 72. Kc6 Kc8 73. d7+ Kd8 74. Kd6 1/2-1/2

[Event "*** SCC Grand Prix: Titled Tuesday Blitz"]
[Site "Chess.com"]
[Date "2020.08.11"]
[Round "3"]
[White "DariaVoit"]
[Black "Shivagami"]
[Result "0-1"]
[WhiteElo "2491"]
[BlackElo "2237"]
[TimeControl "180+1"]
[EndTime "10:31:00 PDT"]
[Termination "Shivagami won by resignation"]

1. d4 Nf6 2. Nf3 d5 3. c4 c6 4. e3 Bf5 5. Nc3 a6 6. c5 e6 7. Bd3 Bg6 8. O-O Nbd7 9. b4 Be7 10. Ne1 b5 11. f4 Bxd3 12. Qxd3 a5 13. bxa5 Qxa5 14.
Nc2 O-O 15. a4 Rfb8 16. Bd2 b4 17. Ne2 Ne4 18. Be1 f5 19. Nc1 Ndxc5 20. dxc5 Nxc5 21.
Qe2 Nxa4 22. Nb3 Qb6 23. Ncd4 c5 24. Nf3 c4 25. Nbd4 b3 26. Ne5 c3 27. Nd7 b2 28.
Nxb6 bxa1=Q 29. Nxa8 Rxa8 30. Bh4 Qa3 31. Bxe7 Qxe7 32.
Qb5 Nb2 33. Rc1 Rc8 34. Qb3 Kf7 35. Rxc3 Nc4 36. Nf3 Qc7 37. h3 Rb8 38. Qc2 Qb6 39. Ne5+ Kf6 40. Nf3 Nxe3 41. Qf2 Nd1 42. Qxb6 Rxb6 43.
Rd3 Rb1 44. Kh2 Nb2 45. Rd2 Nc4 46. Re2 Rb2 47. Nd4 Rxe2 48. Nxe2 e5 49. fxe5+ Kxe5 50.
Kg3 Ke4 51. Kf2 d4 52. Ng3+ Kd3 53. Nxf5 g6 54. Ne7 Kc2 55. Nd5 d3 56. Nb4+ Kc3 57.
Nxd3 Kxd3 58. Kf3 Kd4 59. Kf4 Ne3 60. Kg5 Nxg2 61. Kh6 Nf4 62. Kxh7 g5 63. Kh6 Nxh3 64. Kh5 Ke4 65. Kg4 Ke3 66. Kxh3 Kf3 67. Kh2 g4 68. Kg1 Kg3 69. Kh1 Kf2 70. Kh2 g3+ 0-1

[Event "*** SCC Grand Prix: Titled Tuesday Blitz"]
[Site "Chess.com"]
[Date "2020.08.11"]
[Round "3"]
[White "LimeInTheCoconut"]
[Black "tptagain"]
[Result "1-0"]
[WhiteElo "2467"]
[BlackElo "2912"]
[TimeControl "180+1"]
[EndTime "10:31:02 PDT"]
[Termination "LimeInTheCoconut won by resignation"]

1. Nf3 d5 2. e3 Nf6 3. c4 e6 4.
b3 Bd6 5. Bb2 O-O 6. d4 b6 7. Nc3 Bb7 8. cxd5 exd5 9. Bd3 a6 10.
O-O Nbd7 11. Rc1 Qe7 12. Qc2 Ne4 13. Ne2 Rac8 14. Ng3 g6 15. Qe2 Ra8 16. Qc2 Rfc8 17. Ne2 c6 18. Nf4 Re8 19. Rfe1 a5 20. Bf1 f6 21.
Nd3 Kg7 22. a4 g5 23. Nd2 Rac8 24. Qd1 Nxd2 25. Qxd2 f5 26. f4 Nf6 27. Ne5 Ne4 28. Qe2 g4 29. Qc2 h5 30. Bd3 Bxe5 31. fxe5 Rf8 32.
Bxe4 fxe4 33. Rf1 Qg5 34. Qe2 Rf3 35. Rce1 Rcf8 36. Ba3 R8f5 37. Kh1 Rxf1+ 38. Rxf1 Qxe3 39. Qxe3 Rxf1+ 40. Qg1 Rxg1+ 41. Kxg1 Kf7 42. Bd6 Ke6 43. Bc7 c5 44. Bxb6 c4 45. bxc4 dxc4 46. Bxa5 Bc6 47. Kf2 Kd5 48. Bc3 Bxa4 49. Ke3 h4 50. g3 h3 51. Bb4 Bd7 52. Bc3 Be6 53. Bb4 Bd7 54. Bc3 Bc6 55. Bb4 Ke6 56. Bc3 Kf5 57. Bb4 Bd5 58. Bc3 Ke6 59. Bb4 Kf5 60. Bc3 Ke6 61. Kf4 Kd7 62. Kxg4 e3 63. Kf4 Kc6 64. Kxe3 Kb5 65. g4 Be6 66. g5 Kc6 67. g6 Kd5 68. Kf4 Bd7 69. Kg5 Ke4 70. Kf6 Bc6 71. e6 1-0

[Event "*** SCC Grand Prix: Titled Tuesday Blitz"]
[Site "Chess.com"]
[Date "2020.08.11"]
[Round "3"]
[White "Donskov_AN"]
[Black "AJSC02"]
[Result "1-0"]
[WhiteElo "2518"]
[BlackElo "2263"]
[TimeControl "180+1"]
[EndTime "10:31:04 PDT"]
[Termination "Donskov_AN won by checkmate"]

1. e4 c5 2. Nf3 Nc6 3. d4 cxd4 4.
Nxd4 Nf6 5. Nc3 e5 6. Ndb5 d6 7. Bg5 a6 8. Na3 b5 9. Nd5 Be7 10. Bxf6 Bxf6 11. c4 b4 12. Nc2 O-O 13. g3 a5 14. Bg2 Bg5 15. O-O Nb8 16. b3 Na6 17.
Qe2 Nc5 18. Rad1 Be6 19. f4 exf4 20. gxf4 Bh6 21. Nd4 Bxd5 22. cxd5 Qh4 23. Nf5 Qf6 24. Qg4 Rfe8 25. Rfe1 Rad8 26. e5 dxe5 27. fxe5 Qg5 28.
Qxg5 Bxg5 29. Nd6 Re7 30. Nc4 Bh4 31. Re3 Ra7 32. Rd4 Bg5 33. Rg3 h6 34. d6 Ne6 35.
Rd1 Bf4 36. Rf3 f6 37. exf6 gxf6 38. Bh3 Ng5 39. Rfd3 Nxh3+ 40. Rxh3 Rad7 41. Rhd3 Be5 42. Kg2 Kh7 43. h3 Rg8+ 44. Kf3 Rg3+ 45. Ke4 Rxd3 46. Rxd3 Kg6 47. Kd5 Kf5 48. Nxe5 fxe5 49. Rf3+ Kg5 50. Ke6 Rd8 51. Ke7 e4 52. Rg3+ Kf4 53. Rg4+ Ke5 54. Kxd8 Kxd6 55. Rxe4 Kd5 56. Rh4 a4 57. Rxh6 axb3 58.
axb3 Kd4 59. Rc6 Kd3 60. Rc4 Ke3 61. h4 Kd2 62. h5 Kd3 63. h6 Ke3 64. h7 Kd3 65.
h8=Q Ke2 66. Qh2+ Kd1 67. Rd4+ Ke1 68. Qd2+ Kf1 69. Rf4+ Kg1 70. Qf2+ Kh1 71. Rh4# 1-0

[Event "*** SCC Grand Prix: Titled Tuesday Blitz"]
[Site "Chess.com"]
[Date "2020.08.11"]
[Round "3"]
[White "Ural_bogatyr"]
[Black "chess94cu"]
[Result "0-1"]
[WhiteElo "2366"]
[BlackElo "2589"]
[TimeControl "180+1"]
[EndTime "10:31:05 PDT"]
[Termination "chess94cu won on time"]

1. e4 e5 2. Nf3 Nc6 3. Bb5 a6 4.
Bxc6 dxc6 5. O-O f6 6. d4 exd4 7. e5 fxe5 8. Re1 Nf6 9. Nxe5 Be7 10. Nf3 O-O 11. Qxd4 Qxd4 12. Nxd4 Bd6 13. h3 Bd7 14. Nc3 Rae8 15. Bd2 c5 16. Nb3 b6 17. Rxe8 Rxe8 18.
Re1 Rxe1+ 19. Bxe1 Be5 20. Nc1 c4 21. N1e2 b5 22. f4 Bd6 23. a3 h5 24. Bf2 c5 25.
Be3 Bf5 26. b3 Bxc2 27. bxc4 b4 28. axb4 cxb4 29. c5 Bc7 30. Na2 b3 31. Nac3 b2 32.
Kf2 Kf7 33. Kf3 Ke6 34. Nd4+ Kd7 35. Nxc2 Nd5 36. Bd4 Nxc3 37. Na3 Na4 38. Nb1 g6 39. Ke4 Ke6 40. g3 Bd8 41. Ke3 Kd5 42. Kd3 Be7 43. Bg7 Nxc5+ 44. Kc2 Ne4 45. Bxb2 Nxg3 46. Nc3+ Kc4 47.
Nd1 Bc5 48. Kd2 Ne4+ 49. Kc2 a5 50. Bg7 a4 51. Nb2+ Kb5 52. Nd3 Bd6 53. Kb1 Kc4 54. Ne5+ Bxe5 55. fxe5 Kd5 56. Bh8 Nf2 57. h4 Ng4 58.
Ka2 Nxe5 59. Ka3 Ke6 0-1

[Event "*** SCC Grand Prix: Titled Tuesday Blitz"]
[Site "Chess.com"]
[Date "2020.08.11"]
[Round "3"]
[White "chess_rehab"]
[Black "j2806"]
[Result "1/2-1/2"]
[WhiteElo "2296"]
[BlackElo "2077"]
[TimeControl "180+1"]
[EndTime "10:31:05 PDT"]
[Termination "Game drawn by repetition"]

1. e4 c5 2. Nf3 d6 3. d4 cxd4 4. Nxd4 Nf6 5. Nc3 a6 6. Bc4 e5 7. Nf5 Nxe4 8. Qd5 Qf6 9. Nxe4 Qxf5 10. O-O Qe6 11. Ng5 Qxd5 12. Bxd5 h6 13. Nxf7 Rh7 14. Be4 Kxf7 15. Bxh7 g6 16. f4 Kg7 17. fxe5 Bf5 18.
Bd2 dxe5 19. Bc3 Nc6 20. Rad1 Kxh7 21. g4 Bc5+ 22. Kg2 Bxg4 23. Kg3 Bf5 24. h4 Nd4 25. Bxd4 exd4 26. c3 dxc3 27. bxc3 Re8 28. Rfe1 Rc8 29. Rd5 Bf8 30. h5 Rxc3+ 31. Kg2 Rc2+ 32. Kh1 Rxa2 33.
hxg6+ Bxg6 34. Rd7+ Kg8 35. Rg1 Ra3 36. Rxg6+ Kh8 37.
Rd8 Rf3 38. Kg2 Rf7 39. Rxh6+ Kg7 40. Rh3 Be7 41. Rg3+ Kf6 42. Rd7 Ke6 43. Rgd3 Bf6 44. Rxf7 Kxf7 45. Kf3 b5 46. Ke4 a5 47. Rd5 Bc3 48.
Rxb5 Bb4 49. Kd3 Ke6 50. Kc4 Kd6 51. Rb6+ Kc7 52. Rh6 Kb7 53. Rg6 Kc7 54. Kd5 Kd7 55. Rg7+ Be7 56. Kc4 Ke6 57. Kb5 Bb4 58. Rg6+ Ke5 59.
Rg2 Kd4 60. Rc2 Kd3 61. Rc8 Kd2 62. Rc6 Kd3 63. Ka4 Kd4 64. Rc8 Kd5 65. Rg8 Kd6 66.
Rg4 Ke5 67. Rg2 Ke4 68. Rc2 Kd3 69. Rc8 Kd4 70. Kb5 Ke4 71. Rd8 Ke5 72. Kc4 Ke6 73. Rd1 Ke5 74. Rd3 Ke4 75. Rd7 Ke5 76. Rd8 Ke6 77. Re8+ Kd7 78. Re4 Kd6 79. Rg4 Ke6 80. Rg6+ Kf5 81. Rc6 Ke4 82. Kb5 Kd4 83. Rc4+ Kd3 84.
Rg4 Ke3 85. Rg8 Kd4 86. Rd8+ Ke5 87. Kc4 1/2-1/2

[Event "*** SCC Grand Prix: Titled Tuesday Blitz"]
[Site "Chess.com"]
[Date "2020.08.11"]
[Round "3"]
[White "GigaQuparadze"]
[Black "QuintilianoR"]
[Result "0-1"]
[WhiteElo "2916"]
[BlackElo "2649"]
[TimeControl "180+1"]
[EndTime "10:31:11 PDT"]
[Termination "QuintilianoR won by resignation"]

1. e4 e5 2. Nf3 Nc6 3. Bb5 a6 4. Ba4 d6 5. d4 Bd7 6. Bxc6 Bxc6 7. Nc3 Nf6 8. Qe2 exd4 9. Nxd4 Bd7 10. O-O Be7 11. Qf3 O-O 12. Nf5 Bxf5 13. Qxf5 Re8 14.
Rd1 Qd7 15. Qf3 Qc6 16. Bg5 h6 17. Be3 Rad8 18. Bd4 Qd7 19. h3 Nh7 20. Nd5 c6 21. Nxe7+ Qxe7 22. Qg3 Ng5 23. f3 Rd7 24. c4 Ne6 25.
Bc3 b5 26. cxb5 axb5 27. Rd2 d5 28. exd5 cxd5 29. Re1 Qg5 30. Qxg5 hxg5 31. Re5 Red8 32. a3 Rd6 33. Bb4 R6d7 34. Bc3 d4 35. Ba5 Rd5 36. Re4 R8d7 37. Bb4 Kh7 38. Kf2 Kg6 39. h4 gxh4 40.
Rxh4 f6 41. Rg4+ Kf7 42. Re4 d3 43. Ke3 g5 44. Kf2 Ng7 45. Re1 Nf5 46. Red1 Kg6 47. Rc1 Kf7 48. Rc6 Kg6 49. Bc3 R7d6 50. Rc7 Rd7 51. Rc8 Rd8 52. Rxd8 Rxd8 53. b3 Rd5 54. a4 bxa4 55. bxa4 Nd6 56. Ke3 Nc4+ 57. Ke4 Rd7 58. g4 Nxd2+ 59. Bxd2 Kf7 60. a5 Ke6 61. Ke3 f5 62.
Bc3 f4+ 63. Kd2 Rd5 64. Bb4 Kd7 65. a6 Kc6 66. Kc3 Kb6 67. Kc4 d2 68. Kxd5 d1=Q+ 69. Ke4 Qe2+ 70. Kf5 Qxf3 71. Kxg5 Qe3 72. a7 f3+ 73.
Kg6 Kxa7 0-1

[Event "*** SCC Grand Prix: Titled Tuesday Blitz"]
[Site "Chess.com"]
[Date "2020.08.11"]
[Round "3"]
[White "GianmarcoVaR"]
[Black "Azeryahu"]
[Result "0-1"]
[WhiteElo "2445"]
[BlackElo "2767"]
[TimeControl "180+1"]
[EndTime "10:31:12 PDT"]
[Termination "Azeryahu won by resignation"]

1. d4 d5 2. c4 c6 3. Nf3 Nf6 4. e3 g6 5. Nc3 Bg7 6. Bd3 O-O 7. O-O e6 8. b3 b6 9. Bb2 Bb7 10. Qe2 Nbd7 11. Rfd1 Qc7 12. Rac1 Rad8 13. cxd5 exd5 14. Ba3 c5 15. Nb5 Qb8 16. dxc5 bxc5 17. Bxc5 Nxc5 18.
Rxc5 Ne4 19. Rc2 Rfe8 20. Nbd4 Qd6 21. Rdc1 Re7 22. h3 Qb6 23. Nc6 Bxc6 24. Rxc6 Qb8 25. Qe1 h6 26. Qa5 Kh7 27. Rc7 Rde8 28. Rxe7 Rxe7 29.
Qxd5 Nc3 30. Qc5 Rc7 31. Qa3 Qc8 32. Bc4 Ne2+ 33. Kf1 Nxc1 34. Qxc1 Rd7 35. Qc2 Qd8 36. Ke2 Qa5 37. g4 Qd8 38. h4 Qe7 39. h5 Rd6 40. a4 a5 41. Bd3 Qe6 42. g5 Rc6 43. Qb1 Qg4 44. hxg6+ fxg6 45. Qh1 h5 46. Qh4 Rc5 47. Qh2 Rxg5 48. Qc7 Re5 49. Qf7 Rc5 50. Bc4 Rf5 51.
Qg8+ Kh6 52. Bd5 Qb4 53. Kf1 Qb6 54. Kg2 Qf6 55. Qe8 Rxd5 56. Qe4 Qf5 57. Qc4 Qg4+ 58. Qxg4 hxg4 59. e4 gxf3+ 60. Kxf3 Rd3+ 0-1

[Event "*** SCC Grand Prix: Titled Tuesday Blitz"]
[Site "Chess.com"]
[Date "2020.08.11"]
[Round "3"]
[White "juancruzarias"]
[Black "keshka01"]
[Result "0-1"]
[WhiteElo "2376"]
[BlackElo "2592"]
[TimeControl "180+1"]
[EndTime "10:31:14 PDT"]
[Termination "keshka01 won by resignation"]

1. d4 Nf6 2. Bg5 d5 3. e3 c5 4. c3 Nc6 5. Nd2 Qb6 6. Qb3 c4 7. Qc2 h6 8. Bxf6 gxf6 9. e4 e6 10. Ngf3 Qa5 11. exd5 exd5 12. Be2 Rg8 13. O-O Bh3 14.
Nh4 O-O-O 15. Qh7 Bd6 16. Qxf7 Rdf8 17. Qh5 Be6 18. g3 Qc7 19. Rae1 Qd7 20. Qf3 Ne7 21.
Qe3 Nf5 22. Nxf5 Bxf5 23. Bf3 Bc7 24. Bg2 Bd3 25. Nf3 Bxf1 26. Rxf1 h5 27. Nh4 f5 28. Qf3 f4 29. Qxd5 Qxd5 30. Bxd5 Rg5 31. Bxc4 fxg3 32. hxg3 Re8 33. Kg2 b5 34. Bd3 a6 35.
a3 Kb7 36. Nf3 Rg7 37. Rh1 Rh8 38. Rh4 Bd8 39. Re4 h4 40. a4 hxg3 41. fxg3 Bc7 42. g4 bxa4 43. c4 Rf8 44. c5 Rf4 45. Rxf4 Bxf4 46.
Be4+ Kc7 47. d5 Rxg4+ 48. Kf2 Bg3+ 49. Ke3 Rg8 50. d6+ Bxd6 51. cxd6+ Kxd6 52. Kd4 Rb8 53. Kc3 Kc5 54. Nd2 Rb4 55. Bd3 Rh4 56. Ne4+ Kb6 57.
Nd2 a5 58. Nc4+ Kb5 59. Na3+ Kc5 60. Nc2 Rh3 61. Na3 Rh4 62. Nc4 Kb5 63. Ne5+ Kc5 64.
Nf3 Rb4 65. Nd2 Rb8 66. Kc2 Kd4 67. Nb1 Rb3 68. Bg6 Rg3 69. Nd2 Rxg6 0-1

[Event "*** SCC Grand Prix: Titled Tuesday Blitz"]
[Site "Chess.com"]
[Date "2020.08.11"]
[Round "3"]
[White "ValeriyGrinev"]
[Black "TimofeevAr"]
[Result "0-1"]
[WhiteElo "2639"]
[BlackElo "2859"]
[TimeControl "180+1"]
[EndTime "10:31:20 PDT"]
[Termination "TimofeevAr won by resignation"]

1. d4 Nf6 2. c4 g6 3. Nc3 d5 4.
Nf3 Bg7 5. cxd5 Nxd5 6. Bd2 Nb6 7. Bg5 h6 8. Bf4 O-O 9. Rc1 Nc6 10. e3 Bg4 11. Be2 Nb4 12. O-O c6 13. h3 Bxf3 14.
Bxf3 N4d5 15. Bg3 e6 16. Ne4 Nd7 17. Nd6 Qb6 18. Nc4 Qa6 19. a3 Rfd8 20. Qc2 c5 21.
dxc5 Nxc5 22. b4 Nd7 23. Qb3 N7b6 24. Nd6 Rd7 25. Rfe1 Qa4 26. Qd3 Rad8 27. Bd1 Qa6 28. Qxa6 bxa6 29. Ne4 Re7 30. Rc2 Rc8 31. Rxc8+ Nxc8 32. Nc5 Bb2 33. Nd3 Bxa3 34. Ba4 Nxb4 35. Ra1 Nxd3 36.
Rxa3 Nb4 37. Rc3 Nb6 38. Bd6 Rb7 39. Bd1 a5 40. Bf3 Rd7 41. Be5 N4d5 42. Rc5 f6 43.
Bd4 a4 44. Ra5 e5 45. Bc5 Kg7 46. e4 Nc3 47. Bb4 Na2 48. Bc5 Nc1 49. Bxb6 axb6 50. Rxa4 Nd3 51. Ra6 Rb7 52. Be2 Nc5 53. Ra8 Nxe4 54.
Bf3 f5 55. g4 b5 56. gxf5 gxf5 57. Re8 Kf6 58. Rf8+ Ke6 59. Re8+ Kd5 60. Rd8+ Kc4 61. Rf8 b4 62. Rxf5 Kd4 63. Rh5 Rg7+ 64. Kh2 Nd2 65. Rh4+ e4 66. Bxe4 Nxe4 67. f3 b3 68. Rxe4+ Kc3 69.
Re6 Rb7 70. Rc6+ Kd3 71. Rd6+ Ke3 72. Re6+ Kxf3 73. Rf6+ Ke4 74. Rxh6 b2 75. Re6+ Kd3 76. Rd6+ Kc2 77. Rc6+ Kb3 78. Rf6 b1=Q 79. Rf3+ Kc4 80.
Rf4+ Kd5 81. Rg4 Rb2+ 82. Kg3 Qe1+ 83. Kf4 Rb4+ 84. Kg5 Rxg4+ 85. hxg4 Ke6 86. Kg6 Qe5 87. g5 Qf5+ 88. Kh6 Kf7 0-1

[Event "*** SCC Grand Prix: Titled Tuesday Blitz"]
[Site "Chess.com"]
[Date "2020.08.11"]
[Round "3"]
[White "ArjunErigaisi2003"]
[Black "Bulldog167"]
[Result "1/2-1/2"]
[WhiteElo "3023"]
[BlackElo "2715"]
[TimeControl "180+1"]
[EndTime "10:31:24 PDT"]
[Termination "Game drawn - insufficient material"]

1. e4 c5 2. Nf3 d6 3. d4 cxd4 4. Nxd4 Nf6 5. Nc3 a6 6. Rg1 b5 7. g4 Bb7 8. g5 Nfd7 9. h4 Nc6 10. Be3 e6 11. h5 Nde5 12. g6 hxg6 13. hxg6 Nxd4 14.
gxf7+ Nxf7 15. Qxd4 Ne5 16. Be2 Qc7 17. f4 Nc4 18.
Bxc4 Qxc4 19. Qxc4 bxc4 20. O-O-O Kf7 21. Bd4 Rh4 22.
Rdf1 g6 23. Rh1 Rxh1 24. Rxh1 Bg7 25. Rh7 Rg8 26. Kd2 Kf8 27. Ke3 e5 28. fxe5 dxe5 29.
Bxe5 Bxe5 30. Rxb7 g5 31. Ra7 Rg6 32. Nd5 g4 33.
Ra8+ Kf7 34. Ra7+ Kf8 35. Ra8+ Kf7 36. Kf2 g3+ 37. Kg2 Rh6 38. Ra7+ Kf8 39. Ra8+ Kf7 40. Ra7+ Kf8 41. Kf3 Rh2 42. Ra8+ Kf7 43. Ra7+ Kg6 44.
Ne7+ Kg5 45. Nf5 Rf2+ 46. Ke3 Rf1 47. Nxg3 Bxg3 48. Rg7+ Kh4 49. Kd4 Re1 50. Kxc4 Rxe4+ 51. Kb3 Re6 52. c3 Rb6+ 53. Kc2 Be5 54. Rg8 Kh5 55. b4 Rc6 56. Kb3 Rxc3+ 57. Ka4 Rc6 58. b5 axb5+ 59.
Kxb5 Rc2 60. a4 Rb2+ 61. Kc6 Ra2 62. Kb5 Bc3 63. Rg3 Be1 64. Rg1 Rb2+ 65. Kc6 Bc3 66. Rg3 Rc2 67. Kb5 Be1 68. Rg1 Bc3 69. Rg3 Rb2+ 70. Kc4 Be5 71. Rb3 Ra2 72. Rb5 Rxa4+ 73. Kd3 Rd4+ 74. Ke3 Rg4 75. Rxe5+ Rg5 76. Rxg5+ Kxg5 1/2-1/2